AoeStats
← Onestepbeyond

Arabia

510336082Analyzed
1v1 RM · 10h ago on Sep 30, 2026· 32m 39s· 2 players
Game mode
Random Map
Map size
Tiny (2 player)
Population
200
Speed
Normal
Resources
Standard
Victory
Conquest
Starting age
Dark Age
Ending age
Imperial Age
RankedLock teamsTeams togetherTeam positionsShared explorationLock speedFull tech treeHidden civsTurbo modeCheats
Victory
Defeat
🇫🇷 Franks · France
864
+18
🇬🇧 Mongols · United Kingdom
898
-34
Onestepbeyond
8:32 Loom
10:29 Feudal Age
12:36 Loom
22:17 Castle Age
21:22 Scale Barding Armor
23:47 Double-Bit Axe
23:56 Gold Mining
27:49 Husbandry
28:11 Chain Barding Armor
Big Womp
8:33 Feudal Age
6:51 Loom
9:48 Double-Bit Axe
16:30 Horse Collar
21:39 Castle Age
19:49 Scale Barding Armor
19:56 Forging
21:06 Bloodlines
21:41 Fletching
23:26 Chain Barding Armor
26:37 Iron Casting
28:28 Husbandry
27:55 Elite Skirmisher
32:04 Wheelbarrow
31:41 Bow Saw
Connection lost

Rejoining the realm…

Still unreachable

The connection could not be restored.

Session expired

The server has moved on; the page needs a fresh start.